 Dungeon Crawl Stone Soup version 0.29.0-4-gdea44cf6ec (webtiles) character file.

Game seed: 14294535522872902500

11 qw the Sneak (level 2, -1/19 HPs)
             Began as a Gargoyle Delver on Sept 10, 2022.
             Slain by a necrophage (2 damage)
             ... on level 4 of the Dungeon.
             The game lasted 00:00:05 (108 turns).

qw the Sneak (Gargoyle Delver)                       Turns: 108, Time: 00:00:06

Health: -1/19      AC:  5    Str: 15    XL:     2   Next: 29%
Magic:  2/2        EV: 11    Int: 10    God:
Gold:   0          SH:  0    Dex: 11    Spells: 1/1 levels left

rFire   . . .      SeeInvis .   a - +0 hand axe
rCold   . . .      Faith    .   (no shield)
rNeg    + . .      Spirit   .   b - +0 leather armour
rPois   inf        Reflect  .   (no helmet)
rElec   +          Harm     .   (no cloak)
rCorr   .          Rampage  .   (no gloves)
Will    .....                   (no boots)
Stlth   +++.......              (no amulet)
HPRegen 0.06/turn               (no ring)
MPRegen 0.08/turn               (no ring)

@: no status effects
A: sickness immunity, AC +2, negative energy resistance 1, electricity
resistance, torment resistance 1, petrification resistance
a: no special abilities


You were on level 4 of the Dungeon.
You visited 1 branch of the dungeon, and saw 2 of its levels.


Innate Abilities, Weirdness & Mutations

You are immune to sickness and miasma.
Your stone body is resilient. (AC +2)
You are immune to poison.
You resist negative energy. (rN+)
You are resistant to electric shocks. (rElec)
You are resistant to unholy torment.
You are immune to petrification.


   Skills:
 - Level 3.2 Fighting
 + Level 2.6 Axes
 - Level 1.5 Dodging
 - Level 5.4 Stealth


You had one spell level left.
You didn't know any spells.
Your spell library was empty.

Inventory:

Hand Weapons
 a - a +0 hand axe (weapon)
Armour
 b - a +0 leather armour (worn)
Wands
 g - a wand of digging (3)
Potions
 f - a potion of haste

Dungeon Overview and Level Annotations

Branches:
Dungeon (5/15)
 Temple: D:4-7

Altars:


Message History

94 ||| Stepping ~*~*~tactically~*~*~ (stealth).
The adder hisses angrily.
95 ||| Stepping ~*~*~tactically~*~*~ (stealth).
You hit the adder.
The adder is moderately wounded.
The adder barely misses you.
You hit the adder.
The adder is severely wounded.
The adder bites you but does no damage. The adder bites you.
You hit the adder.
The adder is almost dead.
The adder bites you but does no damage. x2
You barely miss the adder.
The adder is almost dead.
The adder closely misses you.
You miss the adder.
The adder is almost dead.
The adder closely misses you. The adder barely misses you.
You barely miss the adder.
The adder is almost dead.
The adder bites you but does no damage.
You barely miss the adder.
The adder is almost dead.
The adder barely misses you. The adder bites you but does no damage.
You closely miss the adder.
The adder is almost dead.
The adder bites you.
You hit the adder.
You kill the adder!
You have reached level 2!
You hit the necrophage.
The necrophage is lightly damaged.
The necrophage hits you. x2
You hit the necrophage.
The necrophage is lightly damaged.
The necrophage hits you.
You hit the necrophage.
The necrophage is lightly damaged.
The necrophage hits you.
You die...

#. #...# # #.###...#
#.#.......# .
###.#.......# .
............##########.
#.#...............##.
#....#.#.########.#..
#.####.#.#.# #.#..
#....n@#.#.# ######.#..
........###.#.#
#......... #######.#
#.#.....####.#.. .n.
..### #.#.. ##.# ###
##+#.. #.# #..... #.#
#..... #.# #.....
#.....


You could see a necrophage.

Vanquished Creatures
  An adder (D:4)
  2 jackals (D:4)
3 creatures vanquished.

Notes
Turn   | Place    | Note
-------+----------+-------------------------------------------
     0 | D:5      | qw the Gargoyle Delver began the quest for the Orb.
     0 | D:5      | Reached XP level 1. HP: 14/14 MP: 1/1
     0 | D:5      | 0 ||| qw: Version: 0.1-a-116-g5d60599
     0 | D:5      | 0 ||| qw: Game counter: 8456
     0 | D:5      | 0 ||| qw: Always use a shield: true
     0 | D:5      | 0 ||| qw: God list: Okawaru
     0 | D:5      | 0 ||| qw: Allow faded altars: false
     0 | D:5      | 0 ||| qw: Do Orc after D:15 true
     0 | D:5      | 0 ||| qw: Do second Lair branch before Depths: true
     0 | D:5      | 0 ||| qw: Lair rune preference: random
     0 | D:5      | 0 ||| qw: Plans: Normal
     0 | D:5      | 0 ||| PLANNING D:1-11
     0 | D:5      | 0 ||| DROPPING scroll of fog.
     1 | D:5      | 1 ||| DROPPING scroll of magic mapping.
     2 | D:5      | 2 ||| DROPPING scroll of fear.
    87 | D:4      | Noticed a necrophage
    88 | D:4      | 88 ||| Stepping ~*~*~tactically~*~*~ (stealth).
    90 | D:4      | 90 ||| Stepping ~*~*~tactically~*~*~ (stealth).
    92 | D:4      | 92 ||| Stepping ~*~*~tactically~*~*~ (stealth).
    94 | D:4      | 94 ||| Stepping ~*~*~tactically~*~*~ (stealth).
    95 | D:4      | 95 ||| Stepping ~*~*~tactically~*~*~ (stealth).
   106 | D:4      | Reached XP level 2. HP: 15/19 MP: 2/2
   107 | D:4      | HP: 1/19 [necrophage (6)]
   108 | D:4      | Slain by a necrophage

Levels and vault maps discovered:
D:4:      layout_basic, general_overflow_altar
D:5:      layout_cave_pools, mainiacjoe_overflow_catwalk, uniq_eustachio

Skill      XL: |  1 |
---------------+----+-----
Axes           | 2 |  2.6
Fighting       | |  3.2
Dodging        | |  1.5
Stealth        | |  5.4

Action                   || total
-------------------------++-------
Melee: Hand axe          ||    21
Armor: Leather armour    ||    10
Dodge: Dodged            ||    17

Table legend:
 A = Non-vault XP
 B = Vault XP
 C = Vault XP percentage of total XP
 D = Non-vault monster count
 E = Vault monster count
 F = Vault count percentage of total count
                 A         B        C        D         E       F
            +---------+---------+-------+---------+---------+-------
      Total |      17 |       0 |   0.0 |       3 |       0 |   0.0
            +---------+---------+-------+---------+---------+-------
        D:4 |      17 |       0 |   0.0 |       3 |       0 |   0.0
            +---------+---------+-------+---------+---------+-------
